 Dungeon Crawl Stone Soup version 0.31-a0-851-g7ff8af7976 (webtiles) character file.

Game seed: 16217487763674776811

683 dualclasshuman the Shield-Bearer (level 7, 0/56 HPs)
             Began as a Formicid Fighter on Oct 6, 2023.
             Was an Initiate of Cheibriados.
             Slain by a scorpion (6 damage)
             ... on level 5 of the Dungeon.
             The game lasted 00:11:15 (4214 turns).

dualclasshuman the Shield-Bearer (Formicid Fighter) Turns: 4214, Time: 00:11:16

Health: 0/56       AC:  8    Str: 27    XL:     7   Next: 93%
Magic:  7/7        EV: 10    Int:  9    God:    Cheibriados [......]
Gold:   267        SH:  6    Dex: 16    Spells: 6/6 levels left

rFire   + . .        a - +0 trident
rCold   + . .        c - +0 buckler
rNeg    . . .        b - +0 scale mail
rPois   .            (helmet unavailable)
rElec   .            m - scarf {rC+ rF+}
rCorr   .            (no gloves)
SInv    +            q - +0 pair of boots
Will    .....        (no amulet) Stlth
                     k - +6 ring of strength
HPRegen 0.29/turn    (no ring)
MPRegen 0.10/turn

%: no passive effects
@: very slow
A: permanent stasis, dig shafts and tunnels, antennae 3, four strong arms
a: Dig, Shaft Self, Renounce Religion


You were on level 5 of the Dungeon.
You worshipped Cheibriados.
Cheibriados was noncommittal.
You visited 1 branch of the dungeon, and saw 5 of its levels.

You collected 267 gold pieces.

Inventory:

Hand Weapons
 a - a +0 trident (weapon)
 p - a +0 heavy flail
Armour
 b - a +0 scale mail (worn)
 c - a +0 buckler (worn)
 m - a scarf of resistance (worn)
 q - a +0 pair of boots (worn)
Jewellery
 k - a +6 ring of strength (left hand)
Scrolls
 e - 2 scrolls of fog {unknown}
 f - a scroll of fear {unknown}
 g - 6 scrolls of identify
 i - a scroll of enchant armour {unknown}
 j - 3 scrolls of enchant weapon
 n - a scroll of teleportation {unknown}
 o - a scroll of immolation {unknown}
Potions
 d - a potion of curing
 h - a potion of heal wounds {unknown}
 l - 2 potions of haste {unknown}
 r - a potion of brilliance {unknown}
 s - a potion of resistance {unknown}


   Skills:
 * Level 5.5 Fighting
 + Level 4.5 Polearms
 * Level 5.5 Armour
 + Level 1.3 Dodging
 + Level 0.8 Stealth
 * Level 5.7 Shields


You had 6 spell levels left.
You didn't know any spells.
Your spell library contained the following spells:

 Spells                   Type           Power      Damage    Failure   Level
 Shock                    Conj/Air       0%         1d3       69%         1
 Call Canine Familiar     Summ           0%         N/A       96%         3
 Sigil of Binding         Hex            0%         N/A       96%         3
 Airstrike                Air            0%         2d(0-16)  100%        4
 Dimensional Bullseye     Hex/Tloc       0%         N/A       100%        4
 Leda's Liquefaction      Hex/Erth       0%         N/A       100%        4
 Swiftness                Air            Unusable   N/A       N/A         3

Dungeon Overview and Level Annotations

Branches:
Dungeon (5/15)
 Temple: D:4-7

Altars:
Cheibriados
Qazlal
Ru
The Shining One

Portals:
Abyss: D:4

Annotations:
D:4 2 transporters, rageheart7's ghost, amateur GnSh


Innate Abilities, Weirdness & Mutations

You cannot be hasted, slowed, berserked, paralysed or teleported.
You can dig through walls and to a lower floor.
You have a pair of large antennae on your head. (SInv)
Your four strong arms can wield two-handed weapons with a shield.


Message History

You are more poisoned.
The scorpion poisons you!
You barely miss the scorpion.
The scorpion is moderately wounded.
You feel very sick.
The scorpion stings you but does no damage.
The phantom hits you but does no damage.
You hit the scorpion.
The scorpion is heavily wounded.
You feel very sick. You block the scorpion's attack.
The phantom hits you but does no damage.
You barely miss the scorpion.
The scorpion is heavily wounded.
You feel very sick. The scorpion closely misses you. The phantom hits you.
* * * LOW HITPOINT WARNING * * *
The scorpion stings you but does no damage.
You hit the scorpion.
The scorpion is severely wounded.
* * * LOW HITPOINT WARNING * * *
You feel very sick. The phantom hits you.
* * * LOW HITPOINT WARNING * * *
The scorpion barely misses you.
Unknown command.
You feel better.
The phantom hits you but does no damage.
The scorpion stings you.
* * * LOW HITPOINT WARNING * * *
You hit the scorpion.
The scorpion is severely wounded.
The scorpion stings you but does no damage.
The phantom hits you but does no damage.
You hit the scorpion but do no damage.
The scorpion is severely wounded.
You block the scorpion's attack. The phantom hits you.
* * * LOW HITPOINT WARNING * * *
The scorpion stings you.
You die...

.....###............>..#.#..#
....<#.................#.#.##
#......................#.#.#
###..........###.......#+#.#
.##..........#.............#
........####...#..........##
........#....###.......(.##
...............W...<.....#
.....[.........s@........#
........##################
........# .............#
#............# #............#
#..#...?.....# #............#
#............#


You could see a phantom and a scorpion.

Vanquished Creatures
  An ogre (D:4)
  A phantom (D:4)
  2 hounds (D:4)
  A jelly (D:4)
  3 orc priests
  Terence (D:3)
  An iguana (D:2)
  4 orc wizards
  9 adders
  A white imp (D:5)
  2 worms
  2 dart slugs
  9 orcs
  3 bats
  6 endoplasms
  2 giant cockroaches
  12 hobgoblins
  11 jackals
  A quokka (D:1)
  6 ball pythons
  A frilled lizard (D:3)
  4 goblins
  8 kobolds
  5 rats
96 creatures vanquished.

Notes
Turn   | Place    | Note
-------+----------+-------------------------------------------
     0 | D:1      | dualclasshuman the Formicid Fighter began the quest for the
                  | Orb.
     0 | D:1      | Reached XP level 1. HP: 18/18 MP: 1/1
   108 | D:1      | Reached XP level 2. HP: 24/24 MP: 2/2
   324 | D:1      | Reached XP level 3. HP: 29/29 MP: 3/3
   825 | D:2      | Found a glowing golden altar of the Shining One.
   930 | D:2      | Found a faded altar of an unknown god.
  1155 | D:2      | Reached XP level 4. HP: 37/37 MP: 4/4
  1758 | D:3      | Noticed Terence
  1771 | D:3      | Killed Terence
  1772 | D:3      | Reached XP level 5. HP: 37/42 MP: 5/5
  1906 | D:3      | Reached skill level 5 in Shields
  1920 | D:3      | Reached XP level 6. HP: 8/50 MP: 6/6
  2199 | D:3      | Found a stormy altar of Qazlal.
  2979 | D:4      | Reached skill level 1 in Dodging
  3009 | D:4      | Found a transporter.
  3021 | D:4      | Reached skill level 5 in Fighting
  3048 | D:4      | Noticed rageheart7's ghost (amateur GnSh)
  3065 | D:4      | Reached XP level 7. HP: 48/56 MP: 7/7
  3302 | D:4      | Found a snail-covered altar of Cheibriados.
  3315 | D:4      | Became a worshipper of Cheibriados the Contemplative
  3318 | D:4      | Found a transporter.
  3335 | D:4      | Found a one-way gate to the infinite horrors of the Abyss.
  3680 | D:5      | Entered Level 5 of the Dungeon
  3700 | D:4      | Reached skill level 5 in Armour
  4159 | D:5      | Found a sacrificial altar of Ru.
  4214 | D:5      | Slain by a scorpion

Illustrated notes

Levels and vault maps discovered:
D:1:      eino_arrival_cavern_b, layout_loops_ring
D:2:      layout_loops_corners, shapermc_ecumenical_altar_hornbeckon,
          basic_altar, minmay_misc_feat_hallway
D:3:      layout_rooms, grunt_qazlal_sundering, serial_co_window_serial,
          co_window_of_opportunity_a, co_window_paths_a,
          co_window_of_opportunity_a, co_window_paths_a, co_window_paths_a,
          co_window_corner_a, co_window_unsneaky_path_b,
          co_window_of_opportunity_b, co_window_corner_b, co_window_corner_ca,
          co_window_unsneaky_path_a, co_window_sun, glass_columns_b,
          glass_columns_c, glass_columns_a, uniq_terence
D:4:      layout_loops_ring, nicolae_overflow_crystal_walls,
          gammafunk_ghost_abyssal_escape, nicolae_zen_rock_garden,
          minmay_crystal_water
D:5:      layout_rooms, fedhas_altar_3, mainiacjoe_overflow_six_doors_small,
          mainiacjoe_overflow_surrounded_room, nzn_wu_jian_contemplation

Skill      XL: |  1  2  3  4  5  6  7 |
---------------+----------------------+-----
Armour         | 4 5 |  5.5
Fighting       | 4 5 |  5.5
Polearms       | 3 4 |  4.5
Shields        | 5 |  5.7
Dodging        | 1 |  1.3
Stealth        | |  0.8

Action                     |  1- 3 |  4- 6 |  7- 9 || total
---------------------------+-------+-------+-------++-------
  Melee: Trident           |    90 |   172 |    99 ||   361
    Use: Potion            |       |     1 |     2 ||     3
         Scroll            |       |     1 |       ||     1
   Stab: Distracted        |       |     1 |       ||     1
 Armour: Scale mail        |    48 |    99 |    98 ||   245
  Dodge: Dodged            |    37 |    51 |    41 ||   129
  Block: Buckler           |    25 |    33 |    25 ||    83

Table legend: (Time is in decaauts)
 A = Elapsed time spent in this place.
 B = Non-inter-level travel time spent in this place.
 C = Inter-level travel time spent in this place.
 D = Time resting spent in this place.
 E = Time spent auto-exploring this place.
 F = Levels seen in this place.
 G = Mean time per level.
                   A        B        C        D        E       F      G
               +--------+--------+--------+--------+--------+-----+--------+
         Total |   4424 |   4263 |    161 |    483 |   2912 |   5 |  884.8 |
       Dungeon |   4424 |   4263 |    161 |    483 |   2912 |   5 |  884.8 |
               +--------+--------+--------+--------+--------+-----+--------+

Top non-repeatable levels by time:
     D:4: 1453 daAuts
     D:2: 1098 daAuts
     D:3: 967 daAuts
     D:1: 679 daAuts
     D:5: 224 daAuts
